 Dungeon Crawl Stone Soup version 0.17-a0-1368-g6ab37f2 (webtiles) character file.

63876 nubinia the Thaumaturge (level 14, 0/107 HPs)
             Began as a Demonspawn Wizard on June 9, 2015.
             Was the Champion of Sif Muna.
             Killed by the air
             ... invoked by a blizzard demon
              (19 damage)
             ... in an ice cave on June 12, 2015.
             The game lasted 05:41:11 (34810 turns).

nubinia the Thaumaturge (Demonspawn Wizard)        Turns: 34810, Time: 05:41:11

Health: 0/107      AC: 17    Str:  9    XL:     14   Next: 69%
Magic:  13/30      EV: 13    Int: 27    God:    Sif Muna [******]
Gold:   618        SH:  5    Dex: 10    Spells: 14 memorised, 3 levels left

rFire  + . .     SeeInvis .     a - +4 morningstar (protect)
rCold  + . .     Clarity  .     r - +2 leather armour {rF+}
rNeg   . . .     SustAt   .     T - +2 buckler {rPois}
rPois  +         Gourm    .     R - +0 helmet of Qoriedad {rC+ Regen+ Int+4} (curse)
rElec  .         Spirit   .     L - +1 cloak
rCorr  .         Warding  .     A - +0 pair of gloves
rMut   .         Stasis   .     (boots unavailable)
MR     +....                    (no amulet)
Stlth  +++.......               p - +3 ring of slaying
                                S - ring of wizardry

@: somewhat resistant to hostile enchantments, fairly stealthy
A: claws 1, talons 3, slimy green scales 1, clumsy 1, poison resistance, powered
by death 2, robust 1, shaggy fur 1, rot immunity, MP-powered wands
a: Channel Energy, Forget Spell, Renounce Religion


You were in an ice cave.
You worshipped Sif Muna.
Sif Muna was exalted by your worship.
You were very hungry.

You visited 4 branches of the dungeon, and saw 24 of its levels.
You also visited: Labyrinth and Ice Cave.

You collected 2322 gold pieces.
You spent 1704 gold pieces at shops.

Inventory:

Hand weapons
 a - a +4 morningstar of protection (weapon)
 b - a +2 quick blade of freezing
 o - the +7 blowgun "Qawa" {evade, rF+}
   (You bought it in a shop on level 4 of the Orcish Mines)

   It affects your evasion (+5 to EV).
   It protects you from fire.
 t - the +12 flail "Qoxkykuw" {antimagic, Str+3}
   (You bought it in a shop on level 2 of the Orcish Mines)

   It disrupts the flow of magical energy around spellcasters and certain
   magical creatures (including the wielder).
   It affects your strength (+3).
 B - the +4 dagger of Ru's Castigation {pierce, MP+9 Dex+2}
   (You found it in a labyrinth)

   It inflicts extra damage upon your enemies.
   It affects your dexterity (+2).
   It affects your magic capacity (+9).
Missiles
 j - 3 curare-tipped needles
 s - 73 poisoned needles
Armour
 r - a +2 leather armour of fire resistance (worn)
 A - a +0 pair of gloves (worn)
 L - a +1 cloak (worn)
 R - the cursed +0 helmet of Qoriedad (worn) {rC+ Regen+ Int+4}
   (You bought it in a shop on level 4 of the Orcish Mines)

   It affects your intelligence (+4).
   It protects you from cold.
   It increases your rate of regeneration.
   It has a curse placed upon it.
 T - a +2 buckler of poison resistance (worn)
Magical staves
 m - an uncursed staff of cold
Jewellery
 p - a +3 ring of slaying (right hand)
 q - an uncursed ring of wizardry
 I - the ring of Dirhuex {*Confuse +Fly rN+ MR+}
   (You found it on level 9 of the Dungeon)

   [ring of positive energy]

   It protects you from negative energy.
   It affects your resistance to hostile enchantments.
   It lets you fly.
   It may confuse you when you take damage.
 S - a ring of wizardry (left hand)
 V - the ring "Tughuh" {rPois rF+ rN++ MP+9 Str-5}
   (You found it on level 4 of the Lair of Beasts)

   [ring of poison resistance]

   It affects your strength (-5).
   It protects you from fire.
   It protects you from poison.
   It greatly protects you from negative energy.
   It affects your magic capacity (+9).
Magical devices
 i - a wand of heal wounds (6)
 l - a wand of fireball (5)
 v - a wand of teleportation (3)
 W - a wand of fire (3)
 Y - a wand of fireball (5)
Scrolls
 k - 2 scrolls of magic mapping
 w - 11 scrolls of identify
 F - 6 scrolls of recharging
 G - a scroll of silence
 H - 2 scrolls of blinking
 K - 7 scrolls of remove curse
 U - 2 scrolls of teleportation
Potions
 e - 2 potions of flight
 f - 2 potions of brilliance
 g - 9 potions of curing
 h - 2 potions of agility
 x - 2 potions of magic
 C - a potion of resistance
 J - a potion of might
 O - a potion of haste
Miscellaneous
 c - a phantom mirror
 y - a lamp of fire
Comestibles
 d - 15 bread rations


   Skills:
 + Level 5.4 Fighting
 + Level 0.6 Short Blades
 + Level 3.2(4.1) Maces & Flails
 + Level 3.9(4.5) Staves
 + Level 4.0 Throwing
 + Level 3.5 Armour
 + Level 7.3 Dodging
 + Level 6.6 Stealth
 * Level 12.8 Spellcasting
 * Level 12.1 Conjurations
 + Level 2.0 Hexes
 + Level 1.0 Charms
 + Level 1.7 Summonings
 * Level 8.8 Necromancy
 + Level 1.1 Translocations
 + Level 0.3 Fire Magic
 + Level 3.8 Air Magic
 + Level 1.8 Earth Magic
 + Level 4.3 Poison Magic
 - Level 8.4 Invocations


You had 3 spell levels left.
You knew the following spells:

 Your Spells              Type           Power        Failure   Level  Hunger
a - Magic Dart            Conj           ####         1%          1    None
b - Stone Arrow           Conj/Erth      ######       1%          3    None
c - Mephitic Cloud        Conj/Pois/Air  ######..     1%          3    None
d - Conjure Flame         Conj/Fire      ######..     1%          3    None
e - Blink                 Tloc           N/A          4%          2    None
f - Call Imp              Summ           ####....     3%          2    None
g - Shroud of Golubria    Chrm/Tloc      ###.......   4%          2    None
h - Passwall              Trmt/Erth      ###.......   7%          3    None
j - Corpse Rot            Necr           N/A          1%          2    None
k - Dazzling Spray        Conj/Hex       ######..     1%          3    None
l - Swiftness             Chrm/Air       ####....     1%          2    None
r - Repel Missiles        Chrm/Air       ####..       1%          2    None
C - Control Undead        Necr           ######....   1%          4    None
R - Regeneration          Chrm/Necr      #####.....   1%          3    None


Dungeon Overview and Level Annotations

Branches:
Dungeon (11/15)            Temple (0/1) D:5            Lair (8/8) D:9
  Swamp (0/4) Lair:6       Spider (0/4) Lair:4          Orc (4/4) D:11
    Elf (1/3) Orc:4
  Slime: Lair:6-8

Altars:
Ashenzari
Dithmenos
Fedhas
Okawaru
Sif Muna
Trog
Vehumet
Xom
Yredelemnul
Zin
The Shining One
Beogh

Shops:
D:4 !   D:6 !   D:7 [   D:11 *   Orc:2 *   Orc:4 ?![([

Annotations:
D:4 Edmund
Lair:1 exclusion: hydra
Lair:8 Snorg IceCv exclusion: 2 ice statues


Innate Abilities, Weirdness & Mutations

You have claws for feet.
You are partially covered in slimy green scales (AC +2).
You regenerate health from kills.
You are immune to rotting.
You have sharp fingernails.
You are clumsy. (Dex -2)
Your system is resistant to poisons.
You are robust (+10% HP).
You are covered in fur (AC +1).
You expend magic power (3 MP) to strengthen your wands.


Message History

* * * LOW HITPOINT WARNING * * *
You are feeling very hungry.
The blizzard demon is no longer blind.
Evoke which item? (* to show all) (? for menu, Esc to quit)
Zapping:
v - a wand of teleportation (3)
Press: ? - help, Shift-Dir - straight line, f - you, p - blizzard demon
Okay, then.
Evoke which item? (* to show all) (? for menu, Esc to quit)
Zapping:
Y - a wand of fireball (6)
Press: ? - help, Shift-Dir - straight line, f/p - blizzard demon
Aim: a blizzard demon (severely wounded)
The fireball explodes!
The fireball engulfs the blizzard demon.
The blizzard demon is burned terribly!
The blizzard demon is almost dead.
You hear a sizzling sound!
This wand has 5 charges left.
The blizzard demon waves its arms in wide circles.
The air twists around and strikes you!
You die...

#### ##..##
#..2.##
##..#§§##
##@###§§§#
#..####§2#
##..#§)##§.#
#..##§§§##...
##..#§..§#
....
#..##§§§.#
#..§#
#..#..§.##
...#
#..##.#.##
...#
#...###..#


You could see a blizzard demon.

Vanquished Creatures
  Donald (Orc:3)
  An orc warlord (Orc:4)
  2 stone giants (Orc:4)
  A deep elf demonologist (Elf:1)
  Josephine (Orc:3)
  Fannar (Lair:2)
  5 hydras
  Erolcha (D:8)
  12 death yaks
  Urug (Lair:2)
  Nergalle (Orc:1)
  A deep elf knight (Elf:1)
  2 hill giants
  5 orc knights
  A griffon (Lair:5)
  An orc sorcerer (Orc:4)
  2 cyclopes
  2 ugly things (D:11)
  Maurice (Orc:1)
  Joseph (Lair:1)
  6 black mambas
  A torpor snail (Lair:7)
  5 komodo dragons
  10 spiny frogs
  A minotaur zombie (Lab)
  4 blue devils (IceCv)
  2 fire drakes
  3 two-headed ogres
  A troll (Orc:3)
  An efreet (D:11)
  A deep elf priest (Elf:1)
  A blink frog (Lair:6)
  A shadow (D:11)
  34 yaks
  3 basilisks
  8 deep elf magi
  A spriggan (D:8)
  A water elemental (D:11)
  3 deep elf fighters (Elf:1)
  12 hippogriffs
  A wyvern (Lair:7)
  4 wraiths (Orc:3)
  2 hungry ghosts
  2 wargs
  Menkaure (D:9)
  4 sky beasts
  Duvessa (D:4)
  41 orc warriors
  A swamp drake (Orc:1)
  24 water moccasins
  17 porcupines
  9 spiders (Lair:4)
  A necrophage (D:8)
  10 ogres
  A phantom (D:8)
  2 ice beasts (D:8)
  A wasp (D:8)
  5 centaurs
  5 big kobolds
  18 crocodiles
  Blork the orc (Orc:1)
  12 giant frogs
  An earth elemental (Lab)
  A scorpion (D:9)
  A wyvern skeleton (D:11)
  Dowan (D:4)
  5 killer bees (D:10)
  3 wights (D:11)
  5 electric eels
  5 crimson imps
  7 hounds
  34 orc priests
  A giant frog zombie (D:11)
  An iron imp (Orc:1)
  Crazy Yiuf (D:2)
  A giant frog skeleton (D:11)
  A centaur skeleton (D:10)
  A quasit (D:8)
  5 jellies
  5 worker ants
  Jessica (D:2)
  38 orc wizards
  12 iguanas
  38 sheep
  A hound skeleton (D:9)
  A hound zombie (D:11)
  A gnoll (D:3)
  11 adders
  42 river rats
  4 shadow imps
  21 white imps
  5 ufetubi (IceCv)
  An ooze (D:2)
  A worm (D:2)
  An adder skeleton (D:9)
  8 giant geckos
  213 orcs
  16 bats
  A bat skeleton (D:8)
  23 goblins
  15 hobgoblins
  29 kobolds
  4 quokkas
  2 ball pythons (D:2)
  6 giant cockroaches
  A giant gecko skeleton (D:4)
  5 giant newts
  9 jackals
  A quokka skeleton (D:5)
  8 rats
  2 fungi
905 creatures vanquished.

Vanquished Creatures (collateral kills)
  Gastronok (Lair:1)
  A minotaur (Lab)
  A hydra (Lair:7)
  3 wolves (Lair:7)
  A hippogriff (D:11)
  A water moccasin (Lair:7)
  A wight (D:11)
  An orc priest (D:11)
  A plant (Lair:7)
11 creatures vanquished.

Vanquished Creatures (others)
  A deep elf mage (Elf:1)
  A porcupine (Lair:4)
  A jelly (D:5)
  An orc wizard (Orc:1)
  A worker ant (D:5)
  A river rat (Lair:3)
  2 white imps (IceCv)
  2 ufetubi (IceCv)
  3 orcs
  3 goblins
  5 fungi
  4 plants
25 creatures vanquished.

Grand Total: 941 creatures vanquished

Notes
Turn   | Place    | Note
--------------------------------------------------------------
     0 | D:1      | nubinia the Demonspawn Wizard began the quest for the Orb.
     0 | D:1      | Reached XP level 1. HP: 13/13 MP: 4/4
   248 | D:1      | Gained mutation: You regenerate a little health from kills. [demonic ancestry]
   248 | D:1      | Reached XP level 2. HP: 19/19 MP: 1/6
  1104 | D:1      | Learned a level 2 spell: Repel Missiles
  1436 | D:2      | Gained mutation: You are partially covered in slimy green scales (AC +2). [demonic ancestry]
  1436 | D:2      | Reached XP level 3. HP: 15/24 MP: 8/8
  1701 | D:2      | Learned a level 3 spell: Conjure Flame
  1705 | D:2      | Learned a level 3 spell: Mephitic Cloud
  1723 | D:2      | Reached skill level 4 in Spellcasting
  1885 | D:2      | Reached XP level 4. HP: 25/30 MP: 0/10
  2379 | D:2      | Noticed Jessica
  2549 | D:2      | Noticed Crazy Yiuf
  3738 | D:2      | Killed Jessica
  3738 | D:2      | Reached XP level 5. HP: 18/36 MP: 4/11
  3941 | D:4      | Found Xenuam's Distillery.
  4153 | D:4      | Noticed Edmund
  4196 | D:4      | Noticed Menkaure
  4211 | D:5      | Entered Level 5 of the Dungeon
  4351 | D:5      | Noticed a sky beast
  4680 | D:5      | Noticed a centaur
  4835 | D:5      | Killed a centaur
  4835 | D:5      | Reached XP level 6. HP: 29/42 MP: 2/13
  5196 | D:4      | Noticed Dowan
  6111 | D:5      | Reached skill level 5 in Spellcasting
  6222 | D:5      | Found a bloodstained altar of Trog.
  6223 | D:5      | Found a deep blue altar of Sif Muna.
  6227 | D:5      | Became a worshipper of Sif Muna the Loreminder
  6260 | D:5      | Found a staircase to the Ecumenical Temple.
  6278 | D:5      | Noticed a water moccasin
  6288 | D:5      | Noticed an ogre
  6302 | D:4      | Noticed Duvessa
  6533 | D:5      | Noticed an orc warrior
  6552 | D:5      | Noticed a sky beast
  6904 | D:6      | Gained mutation: You are immune to rotting. [demonic ancestry]
  6904 | D:6      | Reached XP level 7. HP: 47/47 MP: 0/14
  6917 | D:5      | Reached skill level 1 in Fighting
  7073 | D:6      | Reached skill level 1 in Maces & Flails
  7503 | D:5      | Killed a sky beast
  7503 | D:5      | Reached skill level 1 in Poison Magic
  7508 | D:5      | Gained mutation: You are robust (+10% HP). [mutagenic meat]
  7509 | D:5      | Gained mutation: You have sharp fingernails. [mutagenic meat]
  7510 | D:5      | Gained mutation: You expend magic power (3 MP) to strengthen your wands. [mutagenic meat]
  7587 | D:5      | Found a shadowy altar of Dithmenos.
  7643 | D:5      | Found a radiant altar of Vehumet.
  7643 | D:5      | Found an iron altar of Okawaru.
  7643 | D:5      | Found a blossoming altar of Fedhas.
  7784 | D:6      | Found a shimmering altar of Xom.
  8280 | D:7      | Found a glowing golden altar of the Shining One.
  8412 | D:7      | Reached skill level 1 in Armour
  8412 | D:7      | Reached skill level 6 in Spellcasting
  8431 | D:7      | Acquired Sif Muna's first power
  8590 | D:7      | Reached skill level 1 in Air Magic
  8590 | D:7      | Reached XP level 8. HP: 37/59 MP: 0/17
  8819 | D:7      | Found Qaibujeu's Antique Armour Emporium.
  9140 | D:6      | Reached skill level 5 in Conjurations
  9287 | D:6      | Reached skill level 1 in Invocations
  9449 | D:6      | Found Xetit's Distillery.
  9556 | D:6      | Found a shimmering altar of Xom.
  9934 | D:5      | Killed a sky beast
 10266 | D:1      | Upgraded the game from 0.17-a0-1324-ga541562 to 0.17-a0-1337-ge651487
 10439 | D:2      | Killed Crazy Yiuf
 11014 | D:4      | Killed Dowan
 11053 | D:4      | Killed Duvessa
 11138 | D:5      | Killed a water moccasin
 11138 | D:5      | Acquired Sif Muna's second power
 11138 | D:5      | Reached skill level 7 in Spellcasting
 11438 | D:5      | Killed an orc warrior
 11438 | D:5      | Gained mutation: You have sharp toenails. [demonic ancestry]
 11438 | D:5      | Reached XP level 9. HP: 27/67 MP: 2/20
 11817 | D:8      | Found a shattered altar of Ashenzari.
 12412 | D:8      | Reached skill level 8 in Spellcasting
 12582 | D:8      | Noticed Erolcha
 12902 | D:9      | Found a staircase to the Lair.
 12902 | D:9      | Noticed a fire drake
 12914 | D:9      | Killed a fire drake
 12996 | D:9      | Got a transparent marble ring
 13360 | D:8      | Killed Erolcha
 13360 | D:8      | Reached skill level 5 in Invocations
 13360 | D:8      | Reached XP level 10. HP: 74/74 MP: 6/22
 13432 | D:8      | Found a basalt altar of Yredelemnul.
 13495 | D:8      | Identified the ring of Dirhuex {*Confuse +Fly rN+ MR+} (You found it on level 9 of the Dungeon)
 14121 | Lair:1   | Entered Level 1 of the Lair of Beasts
 14142 | Lair:1   | Reached skill level 9 in Spellcasting
 14344 | Lair:1   | Gained mutation: You are clumsy. (Dex -2) [potion of mutation]
 14344 | Lair:1   | Gained mutation: Your system is resistant to poisons. [potion of mutation]
 14344 | Lair:1   | Gained mutation: You are covered in fur (AC +1). [potion of mutation]
 14397 | Lair:1   | Acquired Sif Muna's third power
 14502 | Lair:1   | Learned a level 2 spell: Blink
 14505 | Lair:1   | Learned a level 2 spell: Call Imp
 14508 | Lair:1   | Learned a level 2 spell: Swiftness
 14632 | Lair:1   | Noticed Gastronok
 14834 | Lair:1   | Noticed Joseph
 14858 | Lair:1   | Killed Joseph
 14990 | Lair:1   | Reached skill level 1 in Throwing
 15160 | Lair:1   | Noticed an eight-headed hydra
 15692 | Lair:1   | Killed Gastronok
 15692 | Lair:1   | Reached skill level 10 in Spellcasting
 15692 | Lair:1   | Reached XP level 11. HP: 63/82 MP: 15/25
 15927 | Lair:1   | Noticed a seven-headed hydra
 16118 | Lair:2   | Found a labyrinth entrance.
 16152 | Lair:2   | Learned a level 3 spell: Passwall
 16155 | Lair:2   | Learned a level 2 spell: Slow
 16156 | Lab      | Entered a labyrinth
 16597 | Lab      | Noticed a minotaur
 16631 | Lab      | Killed a minotaur
 16701 | Lab      | Got a pitted dagger
 16703 | Lab      | Identified the +4 dagger of Ru's Castigation {pierce, MP+9 Dex+2} (You found it in a labyrinth)
 16709 | Lab      | Learned a level 3 spell: Stone Arrow
 16882 | Lab      | Got a fine ring mail
 16959 | Lair:2   | Identified the cursed +1 ring mail "Piroruew" {+Inv MP+9 Int-2 SInv} (You found it in a labyrinth)
 16984 | Lair:2   | Learned a level 2 spell: Corpse Rot
 17241 | Lair:2   | Noticed a six-headed hydra
 17289 | Lair:2   | Killed a six-headed hydra
 17303 | Lair:2   | Found a glowing silver altar of Zin.
 17355 | Lair:2   | Noticed Fannar
 17395 | Lair:2   | Killed Fannar
 18033 | D:9      | Killed Menkaure
 18513 | D:7      | Bought the +2 pair of boots of the Assassin {DetectMon Stab+ Stlth++} for 623 gold pieces
 18802 | Lair:3   | Reached skill level 5 in Dodging
 18871 | Lair:3   | Reached skill level 1 in Staves
 19055 | Lair:2   | Noticed Urug
 19072 | Lair:2   | Killed Urug
 19072 | Lair:2   | Received a gift from Sif Muna
 19073 | Lair:2   | Identified Iskenderun's Volume of Battle Magic (Sif Muna gifted it to you on level 2 of the Lair of Beasts)
 19078 | Lair:2   | Learned a level 3 spell: Dazzling Spray
 19544 | Lair:3   | Found a shadowy altar of Dithmenos.
 19685 | Lair:3   | Gained mutation: You have razor-sharp toenails. [demonic ancestry]
 19685 | Lair:3   | Reached XP level 12. HP: 89/89 MP: 18/26
 20014 | Lair:4   | Reached skill level 11 in Spellcasting
 20066 | Lair:4   | Got a fine brass ring
 20067 | Lair:4   | Identified the ring "Tughuh" {rPois rF+ rN++ MP+9 Str-5} (You found it on level 4 of the Lair of Beasts)
 20331 | Lair:4   | HP: 1/90 [death yak (25)]
 20733 | Lair:4   | Found a hole to the Spider Nest.
 21113 | Lair:4   | Reached skill level 5 in Necromancy
 21271 | Lair:4   | Reached skill level 10 in Conjurations
 21345 | Lair:4   | Reached skill level 1 in Earth Magic
 21766 | Lair:4   | Got a warped broad axe
 21767 | Lair:4   | Identified the +5 broad axe of Articulation {flame, Dex+5} (You found it on level 4 of the Lair of Beasts)
 21879 | Lair:4   | Reached skill level 5 in Stealth
 23119 | Lair:6   | Received a gift from Sif Muna
 23123 | Lair:6   | Identified Onoyv's Reference Book on Doomed Confrontation (Sif Muna gifted it to you on level 6 of the Lair of Beasts)
 23160 | Lair:6   | Gained mutation: You have claws for feet. [demonic ancestry]
 23160 | Lair:6   | Reached XP level 13. HP: 96/96 MP: 12/28
 23573 | Lair:6   | Noticed a six-headed hydra
 23590 | Lair:6   | Killed a six-headed hydra
 23628 | Lair:6   | Found a staircase to the Swamp.
 23989 | Lair:6   | Upgraded the game from 0.17-a0-1337-ge651487 to 0.17-a0-1360-g37db002
 25956 | Lair:7   | Reached skill level 12 in Spellcasting
 25970 | Lair:7   | Reached skill level 1 in Hexes
 26144 | Lair:8   | Entered Level 8 of the Lair of Beasts
 26155 | Lair:8   | Noticed Snorg
 26841 | Lair:7   | HP: 3/99 [spiny frog (11)]
 26994 | Lair:1   | Killed a seven-headed hydra
 27231 | D:10     | Entered Level 10 of the Dungeon
 28318 | D:11     | Received a gift from Sif Muna
 28323 | D:11     | Learned a level 2 spell: Shroud of Golubria
 28328 | D:11     | Learned a level 4 spell: Control Undead
 28582 | D:11     | Learned a level 3 spell: Regeneration
 28842 | D:11     | Found a staircase to the Orcish Mines.
 28992 | D:11     | Reached skill level 1 in Translocations
 29005 | D:11     | Gained mutation: You regenerate health from kills. [demonic ancestry]
 29005 | D:11     | Reached XP level 14. HP: 105/105 MP: 14/30
 29017 | D:11     | Found Giuceymm's General Store.
 29202 | Orc:1    | Entered Level 1 of the Orcish Mines
 29413 | Orc:1    | Noticed Blork the orc
 29470 | Orc:1    | Killed Blork the orc
 29512 | Orc:1    | Got a twisted hat
 29523 | Orc:1    | Identified the +0 hat of Defence {rPois rF- MP-9 Dex+11} (You found it on level 1 of the Orcish Mines)
 29681 | Orc:1    | Noticed Maurice
 29691 | Orc:1    | Noticed Nergalle
 29737 | Orc:1    | Killed Nergalle
 29756 | Orc:1    | Killed Maurice
 30747 | Orc:3    | Found a roughly hewn altar of Beogh.
 30779 | Orc:2    | Found Pecrom's Assorted Antiques.
 31416 | Orc:2    | Bought a crystal flail for 272 gold pieces
 31416 | Orc:2    | Identified the +12 flail "Qoxkykuw" {antimagic, Str+3} (You bought it in a shop on level 2 of the Orcish Mines)
 31449 | Orc:2    | Found a bloodstained altar of Trog.
 31681 | Orc:3    | Noticed Donald
 31837 | Orc:3    | Killed Donald
 32142 | Orc:3    | Noticed Josephine
 32154 | Orc:3    | Killed Josephine
 32154 | Orc:3    | Reached skill level 5 in Fighting
 32495 | Orc:3    | Upgraded the game from 0.17-a0-1360-g37db002 to 0.17-a0-1368-g6ab37f2
 32508 | Orc:4    | Entered Level 4 of the Orcish Mines
 32733 | Orc:4    | Found a staircase to the Elven Halls.
 33134 | Orc:4    | Reached skill level 1 in Charms
 33182 | Orc:4    | Found a roughly hewn altar of Beogh.
 33252 | Orc:4    | Found a roughly hewn altar of Beogh.
 33256 | Orc:4    | Found Josmam's Antique Armour Shoppe.
 33293 | Orc:4    | Bought a twisted helmet for 294 gold pieces
 33303 | Orc:4    | Identified the cursed +0 helmet of Qoriedad {rC+ Regen+ Int+4} (You bought it in a shop on level 4 of the Orcish Mines)
 33303 | Orc:4    | Bought a glowing cloak for 139 gold pieces
 33396 | Orc:4    | Found a roughly hewn altar of Beogh.
 33539 | Orc:4    | Found a roughly hewn altar of Beogh.
 33578 | Orc:4    | Found Suatoavvui's Magic Scroll Emporium.
 33689 | Orc:4    | Found a roughly hewn altar of Beogh.
 33705 | Orc:4    | Found Kokoh's Distillery.
 33913 | Orc:4    | Noticed an orc warlord
 33977 | Orc:4    | Killed an orc warlord
 34073 | Orc:4    | Found Bemuwk's Antique Armour Boutique.
 34076 | Orc:4    | Found a roughly hewn altar of Beogh.
 34094 | Orc:4    | Found Waps's Antique Weapon Shop.
 34119 | Orc:4    | Bought a glowing buckler for 166 gold pieces
 34136 | Orc:4    | Bought a crystal blowgun for 210 gold pieces
 34136 | Orc:4    | Identified the +7 blowgun "Qawa" {evade, rF+} (You bought it in a shop on level 4 of the Orcish Mines)
 34312 | Elf:1    | Entered Level 1 of the Elven Halls
 34441 | Elf:1    | Found a frozen archway.
 34495 | IceCv    | Entered an ice cave
 34810 | IceCv    | Killed from afar by a blizzard demon

Vault maps used:
D:1:      lightli_arrival_isolated_outpost, minmay_misc_feat_rows,
          minmay_misc_feat_ornament, minmay_cut_off
D:2:      uniq_jessica, uniq_crazy_yiuf_cottage
D:3:      moated_statue
D:4:      serial_shops, shop, uniq_duvessa, uniq_edmund, uniq_menkaure
D:5:      minitemple, gammafunk_temple_overflow_statue, temple_fountains,
          first_bread, lemuel_flamethrower_2
D:6:      xom_butterflies, basic_altar, serial_shops, nicolae_shop_behind_doors
D:7:      lemuel_coloured_pillars_altar, serial_shops,
          nicolae_shop_overgrown_old_shop
D:8:      overflow_temple_1_default, basic_altar, the_bakery, uniq_erolcha
D:9:      minmay_lair_entry_lava
D:11:     erik_orc_2, serial_shops, shop
Lair:1:   uniq_gastronok, uniq_joseph
Lair:2:   lab_entry_generic, basic_altar, uniq_fannar, uniq_urug
Lair:3:   basic_altar, grunt_megastairs_2
Lair:4:   nicolae_spider_entry_tight_spaces
Lair:5:   grunt_megastairs_3, infiniplex_staircase_pool
Lair:6:   minmay_swamp_entry_reptiles, hangedman_lair_generics_rect
Lair:7:   lemuel_fruit_tree
Lair:8:   evilmike_catoblepas_cave, minmay_slime_entry_jelly_boxes, uniq_snorg
Orc:1:    hangedman_minor_magic, uniq_nergalle, uniq_maurice
Orc:2:    serial_shops, shop, trog_butcher_becter
Orc:3:    basic_altar, nicolae_orc_pool_cavern, guppyfry_library_mini,
          uniq_josephine, uniq_donald
Orc:4:    grunt_orc_community_town_hall, grunt_orc_community_big_house_2,
          grunt_orc_community_big_house_2, grunt_orc_community_house_1,
          grunt_orc_community_house_1, grunt_orc_community_house_2,
          grunt_orc_community_house_2, grunt_orc_community_house_3,
          grunt_orc_community_house_3, serial_shops, shop_statue,
          nicolae_orc_stony_grotto
Elf:1:    minmay_elf_arrival_circle, portal_ice_cave_entry_imps,
          kennysheep_underground_church, minmay_strange_pillars, uniq_aizul,
          uniq_roxanne
Lab:      labyrinth_hidden_loot, nicolae_lab_garden, nicolae_lab_grate,
          nicolae_lab_starburst, nicolae_lab_dead_end
IceCv:    ice_cave_small_demon

Action                   |  1- 3 |  4- 6 |  7- 9 | 10-12 | 13-15 || total
-------------------------+-------+-------+-------+-------+-------++-------
Melee: Dagger            |    77 |     3 |       |    86 |       ||   166
       Hammer            |       |    51 |       |       |       ||    51
       Mace              |       |    33 |   266 |    15 |       ||   314
       Flail             |       |       |       |    47 |       ||    47
       Quarterstaff      |       |       |       |   492 |   770 ||  1262
       Morningstar       |       |       |       |       |   407 ||   407
 Fire: Blowgun           |       |       |       |   103 |   185 ||   288
 Cast: Magic Dart        |    80 |   242 |   338 |   359 |   116 ||  1135
       Repel Missiles    |     1 |     1 |     3 |       |     4 ||     9
       Mephitic Cloud    |       |     6 |    50 |   115 |   236 ||   407
       Conjure Flame     |       |       |     5 |    14 |    12 ||    31
       Call Imp          |       |       |       |    33 |       ||    33
       Stone Arrow       |       |       |       |    97 |    26 ||   123
       Corpse Rot        |       |       |       |     4 |     1 ||     5
       Swiftness         |       |       |       |     2 |     5 ||     7
       Blink             |       |       |       |     1 |       ||     1
       Passwall          |       |       |       |     3 |       ||     3
       Dazzling Spray    |       |       |       |       |   161 ||   161
       Control Undead    |       |       |       |       |    11 ||    11
       Shroud of Golubri |       |       |       |       |     8 ||     8
       Regeneration      |       |       |       |       |     2 ||     2
Invok: Channel Energy    |       |       |    78 |   194 |   229 ||   501
 Abil: Evoke Flight      |       |       |       |       |     1 ||     1
Evoke: Wand              |       |       |     1 |     1 |     2 ||     4
       Lamp of fire      |       |       |       |       |     1 ||     1
  Use: Scroll            |     2 |     7 |     5 |    15 |     9 ||    38
       Potion            |       |     5 |     7 |     3 |     5 ||    20
 Stab: Sleeping          |       |     2 |     2 |    19 |     8 ||    31
       Confused          |       |     1 |    10 |    48 |    89 ||   148
       Distracted        |       |       |       |     3 |     4 ||     7
       Invisible         |       |       |       |       |    26 ||    26
  Eat: Chunk             |     3 |    16 |    35 |    46 |    70 ||   170
       Beef jerky        |       |       |     1 |     1 |     1 ||     3
       Pizza             |       |       |       |     1 |       ||     1
       Meat ration       |       |       |       |     2 |       ||     2
       Royal jelly       |       |       |       |     1 |     1 ||     2
